 Dungeon Crawl Stone Soup version 0.30-a0-760-g5a9884bb7c (webtiles) character file.

Game seed: 12621778604642420239

63 holysushi the Insei (level 3, 0/22 HPs)
             Began as a Vampire Monk on Feb 11, 2023.
             Slain by an iguana (9 damage)
             ... on level 3 of the Dungeon.
             The game lasted 00:01:46 (1768 turns).

holysushi the Insei (Vampire Monk)                  Turns: 1768, Time: 00:01:47

Health: 0/22       AC:  0    Str:  9 (10) XL:     3   Next: 87%
Magic:  3/3        EV: 21    Int: 10 (12) God:
Gold:   989        SH:  0    Dex: 21 (23) Spells: 2/2 levels left

rFire   . . .      SeeInvis +      - Unarmed
rCold   + + .      Faith    .    (shield currently unavailable)
rNeg    + + +      Spirit   .    (body armour currently unavailable)
rPois   ∞          Reflect  .    (helmet currently unavailable)
rElec   .          Harm     .    (cloak currently unavailable)
rCorr   .          Rampage  .    (gloves currently unavailable)
Will    .....                    (boots currently unavailable)
Stlth   +++++                    (no amulet)
HPRegen 0.00/turn                (ring currently unavailable)
MPRegen 0.08/turn                (ring currently unavailable)

@: bat-form, flying, bloodless, inhibited regen, very quick
A: fast, flying, no casting, tiny, bloodless, fangs 3, see invisible, vampiric 2
a: Revivify, End Transformation


You were on level 3 of the Dungeon.
You were a vampire bat.
You visited 1 branch of the dungeon, and saw 3 of its levels.

You collected 989 gold pieces.

Inventory:

Armour
 a - a +0 robe (melded)
Scrolls
 g - a scroll of magic mapping
 h - a scroll of amnesia {unknown}
 i - a scroll of vulnerability {unknown}
 k - a scroll of enchant weapon {unknown}
 l - a scroll of identify
 m - a scroll of fear {unknown}
 n - a scroll of immolation {unknown}
 o - a scroll of noise {unknown}
Potions
 b - a potion of ambrosia
 c - a potion of mutation
 d - a potion of haste {unknown}
 e - a potion of brilliance {unknown}
 f - 2 potions of curing {unknown}
 j - a potion of invisibility {unknown}


   Skills:
 - Level 2.6 Fighting
 - Level 3.2 Dodging
 - Level 3.0 Stealth
 + Level 5.3 Unarmed Combat


You had 2 spell levels left.
You didn't know any spells.
Your spell library contained the following spells:

 Spells                   Type           Power      Damage    Failure   Level
 Blink                    Tloc           0%         N/A       50%         2
 Cigotuvi's Dreadful Rot  Necr/Pois/Air  0%         N/A       50%         2
 Lesser Beckoning         Tloc           0%         N/A       50%         2
 Momentum Strike          Conj/Tloc      0%         3d8       50%         2
 Poisonous Vapours        Pois/Air       0%         N/A       50%         2
 Mephitic Cloud           Conj/Pois/Air  0%         N/A       75%         3


Dungeon Overview and Level Annotations

Branches:
Dungeon (3/15) Zot: 16602

Altars:
Gozag


Innate Abilities, Weirdness & Mutations

You are a vampire bat.
You are tiny and dextrous.
You move quickly.
You are flying.
You are immune to poison.
Your equipment is almost entirely melded.
You are incapable of wielding weapons or throwing items.
You cannot cast spells.
You do not regenerate when monsters are visible.
You are frail without blood (-20% HP).
You can heal yourself when you bite living creatures.
You are immune to poison.
You have razor-sharp teeth.
You have supernaturally acute eyesight. (SInv)
You are afflicted with vampirism and can become a bat while bloodless.


Message History

3 orcs and an iguana come into view.
An orc is wielding a +0 short sword and wearing a +0 chain mail of positive energy.
The orc shouts!
There are monsters nearby!
There are monsters nearby!
There are monsters nearby!
There are monsters nearby!
You catch the helpless iguana completely off-guard!
You draw the iguana's blood!
You hit the iguana.
The orc shouts! x2
You bite the iguana.
The iguana is lightly wounded.
You hear a shout!
The iguana misses you.
You hit the iguana but do no damage.
The iguana is lightly wounded.
The iguana bites you.
You swing at nothing.
You hit the iguana but do no damage.
The iguana is lightly wounded.
The iguana misses you.
You hit the iguana but do no damage.
The iguana is lightly wounded.
The iguana bites you!
Ouch! That really hurt!
* * * LOW HITPOINT WARNING * * *
You hit the iguana but do no damage.
The iguana is lightly wounded.
The iguana completely misses you.
There is a stone staircase leading up here.
You start resting.
An iguana is nearby!
You fly upwards.
There is a stone staircase leading down here.
You start resting.
HP restored.
You fly downwards.
The iguana bites you!
Ouch! That really hurt!
The iguana bites you!
You die...

#.# ##.## ... #.#
#.# ###. #.# #.#
. #.# #+#
#.#######.####
#............#
####.###.#...#
####.##.###..####
#......## ##b...+
####.##.###l.####
#.###.#...#
#.........#
#####...### ###.#
#.# #.# ...


You could see an iguana.

Vanquished Creatures
  A worm (D:2)
  3 dart slugs
  2 ball pythons
  3 endoplasms
  4 giant cockroaches
  6 hobgoblins
  2 jackals (D:2)
  8 kobolds
  4 quokkas
  4 bats
  5 frilled lizards
  3 goblins
  2 rats (D:2)
47 creatures vanquished.

Notes
Turn   | Place    | Note
-------+----------+-------------------------------------------
     0 | D:1      | holysushi the Vampire Monk began the quest for the Orb.
     0 | D:1      | Reached XP level 1. HP: 17/17 MP: 1/1
   218 | D:1      | Reached XP level 2. HP: 17/23 MP: 2/2
   221 | D:1      | Reached skill level 4 in Unarmed Combat
   486 | D:1      | Gained mutation: You are afflicted with vampirism and can
                  | become a bat while bloodless. [Vampire growth]
   486 | D:1      | Reached XP level 3. HP: 24/28 MP: 3/3
   571 | D:1      | Found a faded altar of an unknown god.
  1013 | D:2      | Identified a scroll of acquirement
  1013 | D:2      | Acquired 877 gold pieces
  1066 | D:2      | Reached skill level 5 in Unarmed Combat
  1278 | D:2      | Found an opulent altar of Gozag.
  1768 | D:3      | Slain by an iguana

Illustrated notes

Levels and vault maps discovered:
D:1:      dpeg_arrival_oval, layout_loops_ring,
          hellmonk_ecumenical_altar_leap_of_faith, kennysheep_another_room
D:2:      layout_loops_cross, basic_altar
D:3:      gammafunk_wand_slinger, layout_loops_corners,
          mainiacjoe_overflow_paths

Skill      XL: |  1  2  3 |
---------------+----------+-----
Unarmed Combat | 4 5 |  5.3
Fighting       | |  2.6
Dodging        | |  3.2
Stealth        | |  3.0

Action                     || total
---------------------------++-------
  Melee: Unarmed           ||   162
         Bite              ||    21
Ability: Bat Form          ||     1
         Exsanguinate      ||     1
    Use: Scroll            ||     4
   Stab: Sleeping          ||    13
         Distracted        ||     1
 Armour: Robe              ||     3
  Dodge: Dodged            ||   105

Table legend: (Time is in decaauts)
 A = Elapsed time spent in this place.
 B = Non-inter-level travel time spent in this place.
 C = Inter-level travel time spent in this place.
 D = Time resting spent in this place.
 E = Time spent auto-exploring this place.
 F = Levels seen in this place.
 G = Mean time per level.
                   A        B        C        D        E       F      G
               +--------+--------+--------+--------+--------+-----+--------+
         Total |   1396 |   1340 |     56 |    175 |    790 |   3 |  465.3 |
       Dungeon |   1396 |   1340 |     56 |    175 |    790 |   3 |  465.3 |
               +--------+--------+--------+--------+--------+-----+--------+

Top non-repeatable levels by time:
     D:1: 804 daAuts
     D:2: 538 daAuts
     D:3: 53 daAuts
